Connexion

NASHVILLE Predators vs ARIZONA Coyotes

Created - 22 août 2023 at 05:55

Goals
1 2 3 T
NASHVILLE Predators 0 1 1 2
ARIZONA Coyotes 1 2 1 4
Shots
1 2 3 T
NASHVILLE Predators 3 6 5 14
ARIZONA Coyotes 11 6 8 25

GoalsPenalties
1st period
1. ARIZONA Coyotes , Matthew Tkachuk 3 (Vince Dunn 2) at 9:13
Justin Abdelkader (ARI) for Fighting (Major) at 2:04
Leon Draisaitl (NAS) for Fighting (Major) at 2:04
Justin Abdelkader (ARI) for instigated a fight (Game Misconduct) at 2:04
Vladislav Namestnikov (NAS) for Slashing (Minor) at 9:35
2nd period
2. NASHVILLE Predators , Matt Grzelcyk 3 (Filip Forsberg 8, Calle Jarnkrok 3) at 2:56 (PP)
3. ARIZONA Coyotes , Nazem Kadri 3 (Brayden Point 3, Sean Durzi 2) at 4:49
4. ARIZONA Coyotes , Victor Olofsson 4 (Carl Hagelin 2, Dillon Dube 3) at 12:04
Sean Durzi (ARI) for Elbowing (Minor) at 0:59
Chris Tanev (NAS) for Slashing (Minor) at 12:35
3rd period
5. ARIZONA Coyotes , Matthew Tkachuk 4 (Nazem Kadri 6, Dougie Hamilton 6) at 6:03
6. NASHVILLE Predators , Leon Draisaitl 4 (Filip Forsberg 9, Cam Fowler 4) at 10:49
Matthew Tkachuk (ARI) for Hooking (Minor) at 12:42
Beau Starret (ARI) for Roughing (Minor) at 15:42
Kevin Labanc (NAS) for Hooking (Minor) at 15:42
Tucker Poolman (ARI) for Holding (Minor) at 18:14
Goalie Stats
Matt Murray (NAS), 14 saves from 18 shots - (0,778), L, 1-6-0, 46:03 minutes
Cal Petersen (NAS), 7 saves from 7 shots - (1,000), 13:57 minutes
Jaroslav Halak (ARI), 12 saves from 14 shots - (0,857), W, 1-0-0, 60:00 minutes
3 StarsOfficial
1 - Matthew Tkachuk (ARI)
2 - Nazem Kadri (ARI)
3 - Victor Olofsson (ARI)
Referees : Don Koharski and Eric Furlatt
Linesman : Darren Gibbs and Mark Wheler
Game Note
Justin Abdelkader and Leon Draisaitl fight to a draw at 2:04 of 1st period
Justin Abdelkader (ARI) for instigated a fight (Game Misconduct) at 2:04
Justin Abdelkader ejected from game at 2:04 of 1st period
Cal Petersen enters game at 6:03 of 3rd period
Finance
Level 1 -- Attendance: 5817 (96,95%) -- Ticket Income 773 661 $
Level 2 -- Attendance: 3822 (92,65%) -- Ticket Income 393 666 $
Level 3 -- Attendance: 1805 (90,25%) -- Ticket Income 102 885 $
Level 4 -- Attendance: 4000 (100,00%) -- Ticket Income 148 000 $
Luxury Box -- Attendance: 1000 (100,00%) -- Ticket Income 247 000 $
Game was played at the Jobing.com Arena.
Total Attendance: 16444 (96,02%)
Total Ticket Income: 1 665 212 $
Other Income: 333 042 $
Total Income: 1 998 254 $



Team Name Goals Shots Shots Attemp Shots Blocked PIM HIT PP PK FO%
NASHVILLE Predators 21435711191 / 4 (25%)052%
ARIZONA Coyotes 42545525270 / 2 (0%)148%

NASHVILLE Predators
Player Name POS G A P +/- PIM HIT SHT SB MP PP MP PP SHT PK MP PK SHT FO% FOT
Andrew CoppC/LW000-1011014:400:0000:5300% 0
Brett ConnollyLW/RW000-100016:170:0000:0000% 0
Bryan RustLW/RW0000052018:263:0920:0000% 2
Calle JarnkrokC/LW/RW011-1011020:534:3102:23070% 20
Cam FowlerD0110010323:464:1600:5600% 0
Chris TanevD000-1210114:240:0001:0300% 0
Colin WhiteC/RW000-101206:170:0000:0000% 0
Erik BrannstromD000-1011016:133:3100:1600% 0
Erik GustafssonD000-2030018:580:0002:2000% 0
Filip ForsbergLW0220001020:304:3110:4200% 3
Henrik BorgstromC000-1010112:050:0000:00064% 11
Josh MorrisseyD0000002124:494:0911:2200% 0
Kevin LabancLW/RW000-1200014:543:0900:0000% 0
Leon DraisaitlC/LW/RW1010501018:513:1401:10050% 14
Matt GrzelcykD101-2001021:493:2411:5900% 0
Oskar SteenC000-100009:261:1700:00040% 10
Ryan DonatoC/LW000-1031014:090:0001:27040% 5
Vladislav NamestnikovC/LW/RW000-1211017:323:0901:21050% 8
ARIZONA Coyotes
Player Name POS G A P +/- PIM HIT SHT SB MP PP MP PP SHT PK MP PK SHT FO% FOT
Beau Starret C/LW000021105:340:0000:00033% 6
Braden SchneiderD0001000013:290:0000:5100% 0
Brayden PointC/RW0112012019:232:0502:040100% 1
Carl HagelinLW/RW0111010011:310:0001:01067% 3
Dillon DubeC/LW/RW0111001015:120:0000:00050% 12
Dougie HamiltonD0111011125:282:2404:4100% 0
Justin AbdelkaderC/LW0000170000:180:0000:00050% 2
Klim KostinC0000055016:571:5300:00040% 10
Madison BoweyD0001050223:592:2404:4100% 0
Matt BoldyLW/RW0000002016:571:5310:00050% 2
Matthew TkachukLW/RW2022243021:412:0503:37071% 7
Nazem KadriC/LW/RW1122014023:202:0504:46146% 24
Sean DurziD0111223121:021:3432:0800% 0
Timo MeierLW/RW0000041019:451:5302:48050% 2
Travis BoydC/LW/RW000000007:570:0001:04025% 4
Tucker PoolmanD0001200012:370:0000:0000% 0
Victor OlofssonLW/RW1011012011:430:0000:0000% 0
Vince DunnD0111010123:231:3402:5900% 0



Play-by-Play

1st period


0:01 of 1st period - Leon Draisaitl wins face-off versus Nazem Kadri in neutral zone.
0:11 of 1st period - Off-side.
0:12 of 1st period - Klim Kostin wins face-off versus Calle Jarnkrok in neutral zone.
1:38 of 1st period - Shot by Ryan Donato.
1:38 of 1st period - Shot Misses the Net.
1:45 of 1st period - Off-side.
1:46 of 1st period - Justin Abdelkader wins face-off versus Leon Draisaitl in neutral zone.
1:52 of 1st period - Icing by Cam Fowler.
1:53 of 1st period - Leon Draisaitl wins face-off versus Justin Abdelkader in NASHVILLE Predators zone.
1:53 of 1st period - Leon Draisaitl is hit by Victor Olofsson.
2:04 of 1st period - Justin Abdelkader and Leon Draisaitl fight to a draw.
2:04 of 1st period - Penalty to Justin Abdelkader for Fighting.
2:04 of 1st period - Penalty to Leon Draisaitl for Fighting.
2:04 of 1st period - Penalty to Justin Abdelkader for instigated a fight.
2:04 of 1st period - Justin Abdelkader is ejected from game.
2:05 of 1st period - Matthew Tkachuk wins face-off versus Oskar Steen in NASHVILLE Predators zone.
2:31 of 1st period - Off-side.
2:32 of 1st period - Matthew Tkachuk wins face-off versus Vladislav Namestnikov in neutral zone.
3:11 of 1st period - Shot by Matt Grzelcyk.
3:11 of 1st period - Shot Misses the Net.
3:13 of 1st period - Shot by Bryan Rust.
3:13 of 1st period - Stopped by Jaroslav Halak without a rebound.
3:14 of 1st period - Brayden Point wins face-off versus Oskar Steen in ARIZONA Coyotes zone.
4:10 of 1st period - Icing by Erik Gustafsson.
4:11 of 1st period - Henrik Borgstrom wins face-off versus Beau Starret in NASHVILLE Predators zone.
4:34 of 1st period - Shot by Ryan Donato.
4:34 of 1st period - Stopped by Jaroslav Halak without a rebound.
4:35 of 1st period - Oskar Steen wins face-off versus Dillon Dube in ARIZONA Coyotes zone.
4:47 of 1st period - Icing by Erik Brannstrom.
4:48 of 1st period - Nazem Kadri wins face-off versus Oskar Steen in NASHVILLE Predators zone.
4:51 of 1st period - Shot by Brayden Point.
4:51 of 1st period - Stopped by Matt Murray without a rebound.
4:52 of 1st period - Calle Jarnkrok wins face-off versus Nazem Kadri in NASHVILLE Predators zone.
5:47 of 1st period - Matt Boldy is hit by Andrew Copp.
5:57 of 1st period - Shot by Klim Kostin.
5:57 of 1st period - Stopped by Matt Murray without a rebound.
5:58 of 1st period - Dillon Dube wins face-off versus Oskar Steen in NASHVILLE Predators zone.
6:04 of 1st period - Carl Hagelin is hit by Erik Gustafsson and loses puck.
6:11 of 1st period - Shot by Dillon Dube.
6:11 of 1st period - Stopped by Matt Murray without a rebound.
6:12 of 1st period - Klim Kostin wins face-off versus Ryan Donato in NASHVILLE Predators zone.
6:21 of 1st period - Shot by Klim Kostin.
6:21 of 1st period - Stopped by Matt Murray without a rebound.
6:22 of 1st period - Nazem Kadri wins face-off versus Oskar Steen in NASHVILLE Predators zone.
6:23 of 1st period - Shot by Brayden Point.
6:23 of 1st period - Shot Misses the Net.
6:35 of 1st period - Oskar Steen is hit by Brayden Point and loses puck.
6:52 of 1st period - Nazem Kadri is hit by Bryan Rust and loses puck.
7:14 of 1st period - Icing by Erik Gustafsson.
7:15 of 1st period - Oskar Steen wins face-off versus Klim Kostin in NASHVILLE Predators zone.
7:15 of 1st period - Oskar Steen is hit by Klim Kostin.
7:54 of 1st period - Josh Morrissey is hit by Timo Meier and loses puck.
8:10 of 1st period - Icing by Josh Morrissey.
8:11 of 1st period - Henrik Borgstrom wins face-off versus Dillon Dube in NASHVILLE Predators zone.
8:35 of 1st period - Icing by Carl Hagelin.
8:36 of 1st period - Leon Draisaitl wins face-off versus Dillon Dube in ARIZONA Coyotes zone.
8:57 of 1st period - Shot by Victor Olofsson.
8:57 of 1st period - Stopped by Matt Murray without a rebound.
8:58 of 1st period - Oskar Steen wins face-off versus Nazem Kadri in NASHVILLE Predators zone.
9:11 of 1st period - Shot by Matthew Tkachuk.
9:11 of 1st period - Shot Misses the Net.
9:13 of 1st period - Shot by Matthew Tkachuk.
9:13 of 1st period - Goal by Matthew Tkachuk - NASHVILLE Predators : 0 - ARIZONA Coyotes : 1.
9:14 of 1st period - Klim Kostin wins face-off versus Calle Jarnkrok in neutral zone.
9:16 of 1st period - Timo Meier is hit by Erik Brannstrom and loses puck.
9:35 of 1st period - Minor Penalty to Vladislav Namestnikov for Slashing.
9:36 of 1st period - Nazem Kadri wins face-off versus Ryan Donato in NASHVILLE Predators zone.
9:57 of 1st period - Matthew Tkachuk is hit by Calle Jarnkrok and loses puck.
10:45 of 1st period - Shot by Sean Durzi.
10:45 of 1st period - Stopped by Matt Murray without a rebound.
10:46 of 1st period - Ryan Donato wins face-off versus Klim Kostin in NASHVILLE Predators zone.
10:46 of 1st period - Erik Gustafsson is hit by Klim Kostin and loses puck.
11:03 of 1st period - Shot by Sean Durzi.
11:03 of 1st period - Shot Misses the Net.
11:05 of 1st period - Shot by Sean Durzi.
11:05 of 1st period - Stopped by Matt Murray with a rebound.
11:11 of 1st period - Shot by Sean Durzi.
11:11 of 1st period - Deflect By Klim Kostin.
11:11 of 1st period - Shot Misses the Net.
11:13 of 1st period - Shot by Sean Durzi.
11:13 of 1st period - Stopped by Matt Murray without a rebound.
11:14 of 1st period - Ryan Donato wins face-off versus Nazem Kadri in NASHVILLE Predators zone.
11:43 of 1st period - Colin White is hit by Beau Starret and loses puck.
11:54 of 1st period - Shot by Beau Starret .
11:54 of 1st period - Stopped by Matt Murray with a rebound.
11:56 of 1st period - Shot by Braden Schneider.
11:56 of 1st period - Shot Blocked by Josh Morrissey.
11:58 of 1st period - Shot by Tucker Poolman.
11:58 of 1st period - Shot Blocked by Cam Fowler.
12:00 of 1st period - Shot by Braden Schneider.
12:00 of 1st period - Shot Blocked by Cam Fowler.
12:06 of 1st period - Shot by Travis Boyd.
12:06 of 1st period - Shot Blocked by Brett Connolly.
13:32 of 1st period - Shot by Erik Brannstrom.
13:32 of 1st period - Stopped by Jaroslav Halak without a rebound.
13:33 of 1st period - Nazem Kadri wins face-off versus Henrik Borgstrom in ARIZONA Coyotes zone.
13:45 of 1st period - Off-side.
13:46 of 1st period - Calle Jarnkrok wins face-off versus Dillon Dube in neutral zone.
13:48 of 1st period - Off-side.
13:49 of 1st period - Calle Jarnkrok wins face-off versus Nazem Kadri in neutral zone.
14:10 of 1st period - Shot by Nazem Kadri.
14:10 of 1st period - Deflect By Matthew Tkachuk.
14:10 of 1st period - Shot Misses the Net.
14:14 of 1st period - Shot by Matthew Tkachuk.
14:14 of 1st period - Deflect By Nazem Kadri.
14:14 of 1st period - Stopped by Matt Murray without a rebound.
14:15 of 1st period - Dillon Dube wins face-off versus Bryan Rust in NASHVILLE Predators zone.
14:41 of 1st period - Shot by Leon Draisaitl.
14:41 of 1st period - Shot Blocked by Vince Dunn.
15:26 of 1st period - Cam Fowler is hit by Carl Hagelin and loses puck.
15:47 of 1st period - Cam Fowler is hit by Matthew Tkachuk and loses puck.
16:10 of 1st period - Brayden Point is hit by Ryan Donato and loses puck.
16:32 of 1st period - Nazem Kadri is hit by Henrik Borgstrom.
17:21 of 1st period - Klim Kostin is hit by Erik Gustafsson and loses puck.
17:42 of 1st period - Shot by Matt Boldy.
17:42 of 1st period - Shot Misses the Net.
17:49 of 1st period - Klim Kostin is hit by Erik Gustafsson and loses puck.
18:07 of 1st period - Icing by Dougie Hamilton.
18:08 of 1st period - Calle Jarnkrok wins face-off versus Beau Starret in ARIZONA Coyotes zone.
18:12 of 1st period - Icing by Vince Dunn.
18:13 of 1st period - Calle Jarnkrok wins face-off versus Beau Starret in ARIZONA Coyotes zone.
18:34 of 1st period - Shot by Calle Jarnkrok.
18:34 of 1st period - Deflect By Andrew Copp.
18:34 of 1st period - Shot Misses the Net.
19:40 of 1st period - Erik Brannstrom is hit by Timo Meier.
19:51 of 1st period - Icing by Ryan Donato.
19:52 of 1st period - Nazem Kadri wins face-off versus Henrik Borgstrom in NASHVILLE Predators zone.
Goals for this period are 0 for NASHVILLE Predators vs 1 for ARIZONA Coyotes .
Shots for this period are 3 for NASHVILLE Predators vs 11 for ARIZONA Coyotes .

2nd period


0:01 of 2nd period - Nazem Kadri wins face-off versus Leon Draisaitl in neutral zone.
0:40 of 2nd period - Shot by Brayden Point.
0:40 of 2nd period - Shot Misses the Net.
0:42 of 2nd period - Shot by Vince Dunn.
0:42 of 2nd period - Shot Misses the Net.
0:44 of 2nd period - Shot by Brayden Point.
0:44 of 2nd period - Stopped by Matt Murray without a rebound.
0:45 of 2nd period - Calle Jarnkrok wins face-off versus Klim Kostin in NASHVILLE Predators zone.
0:49 of 2nd period - Off-side.
0:50 of 2nd period - Calle Jarnkrok wins face-off versus Dillon Dube in neutral zone.
0:58 of 2nd period - Calle Jarnkrok is hit by Madison Bowey.
0:59 of 2nd period - Minor Penalty to Sean Durzi for Elbowing.
1:00 of 2nd period - Matthew Tkachuk wins face-off versus Filip Forsberg in ARIZONA Coyotes zone.
1:51 of 2nd period - Matthew Tkachuk is hit by Bryan Rust and loses puck.
2:14 of 2nd period - Brayden Point is hit by Bryan Rust and loses puck.
2:29 of 2nd period - Shot by Cam Fowler.
2:29 of 2nd period - Shot Blocked by Madison Bowey.
2:56 of 2nd period - Shot by Matt Grzelcyk.
2:56 of 2nd period - Goal by Matt Grzelcyk - NASHVILLE Predators : 1 - ARIZONA Coyotes : 1.
2:57 of 2nd period - Dillon Dube wins face-off versus Oskar Steen in neutral zone.
4:08 of 2nd period - Matt Boldy is hit by Chris Tanev.
4:40 of 2nd period - Madison Bowey is hit by Ryan Donato and loses puck.
4:49 of 2nd period - Shot by Nazem Kadri.
4:49 of 2nd period - Goal by Nazem Kadri - NASHVILLE Predators : 1 - ARIZONA Coyotes : 2.
4:50 of 2nd period - Beau Starret wins face-off versus Leon Draisaitl in neutral zone.
5:44 of 2nd period - Icing by Madison Bowey.
5:45 of 2nd period - Calle Jarnkrok wins face-off versus Travis Boyd in ARIZONA Coyotes zone.
6:42 of 2nd period - Dougie Hamilton is hit by Colin White and loses puck.
7:03 of 2nd period - Shot by Braden Schneider.
7:03 of 2nd period - Shot Misses the Net.
7:19 of 2nd period - Shot by Klim Kostin.
7:19 of 2nd period - Stopped by Matt Murray without a rebound.
7:20 of 2nd period - Travis Boyd wins face-off versus Filip Forsberg in NASHVILLE Predators zone.
8:34 of 2nd period - Calle Jarnkrok is hit by Sean Durzi and loses puck.
8:38 of 2nd period - Vladislav Namestnikov is hit by Madison Bowey and loses puck.
8:53 of 2nd period - Shot by Calle Jarnkrok.
8:53 of 2nd period - Shot Misses the Net.
9:02 of 2nd period - Sean Durzi is hit by Ryan Donato.
9:27 of 2nd period - Kevin Labanc is hit by Sean Durzi and loses puck.
9:55 of 2nd period - Shot by Josh Morrissey.
9:55 of 2nd period - Stopped by Jaroslav Halak with a rebound.
9:57 of 2nd period - Shot by Josh Morrissey.
9:57 of 2nd period - Deflect By Colin White.
9:57 of 2nd period - Stopped by Jaroslav Halak without a rebound.
9:58 of 2nd period - Nazem Kadri wins face-off versus Leon Draisaitl in ARIZONA Coyotes zone.
10:31 of 2nd period - Cam Fowler is hit by Vince Dunn and loses puck.
11:08 of 2nd period - Icing by Josh Morrissey.
11:09 of 2nd period - Dillon Dube wins face-off versus Leon Draisaitl in NASHVILLE Predators zone.
11:24 of 2nd period - Off-side.
11:25 of 2nd period - Calle Jarnkrok wins face-off versus Beau Starret in neutral zone.
11:28 of 2nd period - Shot by Vladislav Namestnikov.
11:28 of 2nd period - Stopped by Jaroslav Halak without a rebound.
11:29 of 2nd period - Calle Jarnkrok wins face-off versus Dillon Dube in ARIZONA Coyotes zone.
11:32 of 2nd period - Shot by Vladislav Namestnikov.
11:32 of 2nd period - Shot Misses the Net.
12:04 of 2nd period - Shot by Carl Hagelin.
12:04 of 2nd period - Deflect By Victor Olofsson.
12:04 of 2nd period - Goal by Victor Olofsson - NASHVILLE Predators : 1 - ARIZONA Coyotes : 3.
12:05 of 2nd period - Henrik Borgstrom wins face-off versus Nazem Kadri in neutral zone.
12:35 of 2nd period - Minor Penalty to Chris Tanev for Slashing.
12:36 of 2nd period - Timo Meier wins face-off versus Vladislav Namestnikov in NASHVILLE Predators zone.
12:39 of 2nd period - Shot by Matt Boldy.
12:39 of 2nd period - Stopped by Matt Murray without a rebound.
12:40 of 2nd period - Vladislav Namestnikov wins face-off versus Timo Meier in NASHVILLE Predators zone.
12:48 of 2nd period - Icing by Matt Boldy.
12:49 of 2nd period - Vladislav Namestnikov wins face-off versus Klim Kostin in ARIZONA Coyotes zone.
13:39 of 2nd period - Erik Gustafsson is hit by Timo Meier and loses puck.
15:56 of 2nd period - Shot by Filip Forsberg.
15:56 of 2nd period - Shot Misses the Net.
15:58 of 2nd period - Shot by Cam Fowler.
15:58 of 2nd period - Shot Misses the Net.
16:00 of 2nd period - Shot by Cam Fowler.
16:00 of 2nd period - Shot Misses the Net.
16:11 of 2nd period - Off-side.
16:12 of 2nd period - Calle Jarnkrok wins face-off versus Klim Kostin in neutral zone.
16:34 of 2nd period - Calle Jarnkrok is hit by Dougie Hamilton and loses puck.
16:39 of 2nd period - Shot by Calle Jarnkrok.
16:39 of 2nd period - Stopped by Jaroslav Halak without a rebound.
16:40 of 2nd period - Henrik Borgstrom wins face-off versus Travis Boyd in ARIZONA Coyotes zone.
16:40 of 2nd period - Henrik Borgstrom is hit by Madison Bowey.
16:52 of 2nd period - Shot by Ryan Donato.
16:52 of 2nd period - Shot Misses the Net.
17:28 of 2nd period - Icing by Erik Brannstrom.
17:29 of 2nd period - Henrik Borgstrom wins face-off versus Nazem Kadri in NASHVILLE Predators zone.
17:29 of 2nd period - Henrik Borgstrom is hit by Matthew Tkachuk.
17:34 of 2nd period - Off-side.
17:35 of 2nd period - Nazem Kadri wins face-off versus Calle Jarnkrok in neutral zone.
18:06 of 2nd period - Icing by Dougie Hamilton.
18:07 of 2nd period - Leon Draisaitl wins face-off versus Matthew Tkachuk in ARIZONA Coyotes zone.
18:31 of 2nd period - Shot by Nazem Kadri.
18:31 of 2nd period - Shot Misses the Net.
18:41 of 2nd period - Timo Meier is hit by Bryan Rust and loses puck.
18:58 of 2nd period - Shot by Timo Meier.
18:58 of 2nd period - Deflect By Matt Boldy.
18:58 of 2nd period - Stopped by Matt Murray with a rebound.
19:09 of 2nd period - Icing by Klim Kostin.
19:10 of 2nd period - Calle Jarnkrok wins face-off versus Klim Kostin in ARIZONA Coyotes zone.
19:29 of 2nd period - Shot by Calle Jarnkrok.
19:29 of 2nd period - Shot Misses the Net.
19:31 of 2nd period - Shot by Andrew Copp.
19:31 of 2nd period - Shot Blocked by Sean Durzi.
19:39 of 2nd period - Shot by Andrew Copp.
19:39 of 2nd period - Stopped by Jaroslav Halak with a rebound.
19:41 of 2nd period - Shot by Vladislav Namestnikov.
19:41 of 2nd period - Deflect By Calle Jarnkrok.
19:41 of 2nd period - Shot Misses the Net.
Goals for this period are 1 for NASHVILLE Predators vs 2 for ARIZONA Coyotes .
Shots for this period are 6 for NASHVILLE Predators vs 6 for ARIZONA Coyotes .

3rd period


0:01 of 3rd period - Leon Draisaitl wins face-off versus Nazem Kadri in neutral zone.
0:01 of 3rd period - Cam Fowler is hit by Matthew Tkachuk.
1:29 of 3rd period - Vladislav Namestnikov is hit by Timo Meier and loses puck.
2:50 of 3rd period - Icing by Chris Tanev.
2:51 of 3rd period - Henrik Borgstrom wins face-off versus Nazem Kadri in NASHVILLE Predators zone.
4:04 of 3rd period - Kevin Labanc is hit by Klim Kostin and loses puck.
4:29 of 3rd period - Shot by Sean Durzi.
4:29 of 3rd period - Shot Blocked by Henrik Borgstrom.
5:57 of 3rd period - Shot by Matthew Tkachuk.
5:57 of 3rd period - Deflect By Nazem Kadri.
5:57 of 3rd period - Shot Misses the Net.
5:59 of 3rd period - Shot by Nazem Kadri.
5:59 of 3rd period - Shot Blocked by Cam Fowler.
6:01 of 3rd period - Shot by Matthew Tkachuk.
6:01 of 3rd period - Shot Misses the Net.
6:03 of 3rd period - Shot by Matthew Tkachuk.
6:03 of 3rd period - Goal by Matthew Tkachuk - NASHVILLE Predators : 1 - ARIZONA Coyotes : 4.
6:03 of 3rd period - Cal Petersen enters game.
6:04 of 3rd period - Matt Boldy wins face-off versus Calle Jarnkrok in neutral zone.
6:16 of 3rd period - Icing by Matt Grzelcyk.
6:17 of 3rd period - Calle Jarnkrok wins face-off versus Nazem Kadri in NASHVILLE Predators zone.
6:26 of 3rd period - Icing by Vince Dunn.
6:27 of 3rd period - Oskar Steen wins face-off versus Nazem Kadri in ARIZONA Coyotes zone.
6:38 of 3rd period - Shot by Brett Connolly.
6:38 of 3rd period - Shot Misses the Net.
7:32 of 3rd period - Shot by Klim Kostin.
7:32 of 3rd period - Stopped by Cal Petersen with a rebound.
7:44 of 3rd period - Off-side.
7:45 of 3rd period - Dillon Dube wins face-off versus Calle Jarnkrok in neutral zone.
8:52 of 3rd period - Chris Tanev is hit by Klim Kostin and loses puck.
9:01 of 3rd period - Shot by Matt Boldy.
9:01 of 3rd period - Deflect By Klim Kostin.
9:01 of 3rd period - Stopped by Cal Petersen with a rebound.
9:10 of 3rd period - Icing by Bryan Rust.
9:11 of 3rd period - Nazem Kadri wins face-off versus Leon Draisaitl in NASHVILLE Predators zone.
9:14 of 3rd period - Shot by Vince Dunn.
9:14 of 3rd period - Shot Misses the Net.
9:23 of 3rd period - Shot by Brayden Point.
9:23 of 3rd period - Shot Blocked by Chris Tanev.
9:25 of 3rd period - Shot by Nazem Kadri.
9:25 of 3rd period - Stopped by Cal Petersen without a rebound.
9:26 of 3rd period - Beau Starret wins face-off versus Henrik Borgstrom in NASHVILLE Predators zone.
9:42 of 3rd period - Icing by Erik Gustafsson.
9:43 of 3rd period - Henrik Borgstrom wins face-off versus Nazem Kadri in NASHVILLE Predators zone.
9:43 of 3rd period - Henrik Borgstrom is hit by Matthew Tkachuk.
9:48 of 3rd period - Ryan Donato is hit by Madison Bowey and loses puck.
9:52 of 3rd period - Icing by Madison Bowey.
9:53 of 3rd period - Leon Draisaitl wins face-off versus Nazem Kadri in ARIZONA Coyotes zone.
9:53 of 3rd period - Bryan Rust is hit by Madison Bowey and loses puck.
10:05 of 3rd period - Off-side.
10:06 of 3rd period - Klim Kostin wins face-off versus Calle Jarnkrok in neutral zone.
10:11 of 3rd period - Shot by Dougie Hamilton.
10:11 of 3rd period - Stopped by Cal Petersen without a rebound.
10:12 of 3rd period - Nazem Kadri wins face-off versus Leon Draisaitl in NASHVILLE Predators zone.
10:17 of 3rd period - Shot by Matthew Tkachuk.
10:17 of 3rd period - Stopped by Cal Petersen with a rebound.
10:20 of 3rd period - Icing by Cam Fowler.
10:21 of 3rd period - Nazem Kadri wins face-off versus Bryan Rust in NASHVILLE Predators zone.
10:37 of 3rd period - Shot by Leon Draisaitl.
10:37 of 3rd period - Shot Misses the Net.
10:47 of 3rd period - Shot by Filip Forsberg.
10:47 of 3rd period - Shot Misses the Net.
10:49 of 3rd period - Shot by Leon Draisaitl.
10:49 of 3rd period - Goal by Leon Draisaitl - NASHVILLE Predators : 2 - ARIZONA Coyotes : 4.
10:50 of 3rd period - Calle Jarnkrok wins face-off versus Matt Boldy in neutral zone.
11:05 of 3rd period - Shot by Matt Boldy.
11:05 of 3rd period - Deflect By Timo Meier.
11:05 of 3rd period - Stopped by Cal Petersen without a rebound.
11:06 of 3rd period - Dillon Dube wins face-off versus Henrik Borgstrom in NASHVILLE Predators zone.
11:24 of 3rd period - Carl Hagelin is hit by Cam Fowler and loses puck.
12:42 of 3rd period - Minor Penalty to Matthew Tkachuk for Hooking.
12:43 of 3rd period - Carl Hagelin wins face-off versus Filip Forsberg in ARIZONA Coyotes zone.
13:00 of 3rd period - Shot by Leon Draisaitl.
13:00 of 3rd period - Deflect By Filip Forsberg.
13:00 of 3rd period - Stopped by Jaroslav Halak without a rebound.
13:01 of 3rd period - Carl Hagelin wins face-off versus Vladislav Namestnikov in ARIZONA Coyotes zone.
13:01 of 3rd period - Carl Hagelin is hit by Bryan Rust.
13:11 of 3rd period - Shot by Bryan Rust.
13:11 of 3rd period - Stopped by Jaroslav Halak without a rebound.
13:12 of 3rd period - Leon Draisaitl wins face-off versus Carl Hagelin in ARIZONA Coyotes zone.
13:27 of 3rd period - Shot by Calle Jarnkrok.
13:27 of 3rd period - Shot Blocked by Dougie Hamilton.
13:43 of 3rd period - Shot by Josh Morrissey.
13:43 of 3rd period - Stopped by Jaroslav Halak with a rebound.
14:15 of 3rd period - Shot by Nazem Kadri.
14:15 of 3rd period - Stopped by Cal Petersen without a rebound.
14:16 of 3rd period - Vladislav Namestnikov wins face-off versus Travis Boyd in NASHVILLE Predators zone.
14:21 of 3rd period - Sean Durzi is hit by Vladislav Namestnikov and loses puck.
14:49 of 3rd period - Brett Connolly is hit by Klim Kostin and loses puck.
15:42 of 3rd period - Minor Penalty to Beau Starret for Roughing.
15:42 of 3rd period - Minor Penalty to Kevin Labanc for Hooking.
15:43 of 3rd period - Matthew Tkachuk wins face-off versus Ryan Donato in neutral zone.
16:02 of 3rd period - Chris Tanev is hit by Nazem Kadri and loses puck.
17:47 of 3rd period - Shot by Colin White.
17:47 of 3rd period - Stopped by Jaroslav Halak with a rebound.
18:14 of 3rd period - Minor Penalty to Tucker Poolman for Holding.
18:15 of 3rd period - Matthew Tkachuk wins face-off versus Vladislav Namestnikov in ARIZONA Coyotes zone.
18:23 of 3rd period - Icing by Kevin Labanc.
18:24 of 3rd period - Vladislav Namestnikov wins face-off versus Matthew Tkachuk in NASHVILLE Predators zone.
18:48 of 3rd period - Shot by Matt Grzelcyk.
18:48 of 3rd period - Shot Misses the Net.
19:12 of 3rd period - Shot by Leon Draisaitl.
19:12 of 3rd period - Shot Misses the Net.
19:24 of 3rd period - Shot by Cam Fowler.
19:24 of 3rd period - Shot Blocked by Madison Bowey.
Goals for this period are 1 for NASHVILLE Predators vs 1 for ARIZONA Coyotes .
Shots for this period are 5 for NASHVILLE Predators vs 8 for ARIZONA Coyotes .